 Dungeon Crawl Stone Soup version 0.25.1-2-g60ff931df9 (webtiles) character file.

Game seed: 7581168673285057309

14841 Ivernyr the Destroyer (level 11, -6/97 HPs)
             Began as a Black Draconian Conjurer on Oct 14, 2020.
             Was an Elder of Sif Muna.
             Mangled by an eight-headed hydra (12 damage)
             ... on level 3 of the Lair of Beasts.
             The game lasted 01:10:09 (18824 turns).

Ivernyr the Destroyer (Black Draconian Conjurer)   Turns: 18824, Time: 01:10:09

Health: -6/97      AC: 11    Str: 11    XL:     11   Next: 94%
Magic:  23/23      EV: 13    Int: 19    God:    Sif Muna [****..]
Gold:   772        SH:  0    Dex: 14    Spells: 12/26 levels left

rFire    . . .     SeeInvis .   i - +5 whip "Seudad" {vorpal, Dex+3}
rCold    . . .     Gourm    .   (no shield)
rNeg     . . .     Faith    .   (armour unavailable)
rPois    .         Spirit   .   K - +1 hat {MR+}
rElec    +         Reflect  .   G - +1 cloak {Stlth+}
rCorr    .         Harm     .   n - +0 pair of gloves
MR       +....                  (no boots)
Stlth    ++........             F - amulet of magic regeneration
HPRegen  0.26/turn              (no ring)
MPRegen  0.43/turn              (no ring)

@: short of breath
A: breathe lightning, unfitting armour, electricity resistance, cold-blooded, AC
+7
a: Breathe Lightning, Channel Magic, Forget Spell, Divine Exegesis, Renounce
Religion


You were on level 3 of the Lair of Beasts.
You worshipped Sif Muna.
Sif Muna was greatly pleased with you.
You were hungry.

You visited 3 branches of the dungeon, and saw 14 of its levels.

You collected 772 gold pieces.

Inventory:

Hand Weapons
 i - the +5 whip "Seudad" (weapon) {vorpal, Dex+3}
   (You found it on level 10 of the Dungeon)

   It inflicts extra damage upon your enemies.
   It affects your dexterity (+3).
Missiles
 p - 28 poisoned darts (quivered)
Armour
 n - a +0 pair of gloves (worn)
 G - a +1 cloak of stealth (worn)
 K - a +1 hat of magic resistance (worn)
Jewellery
 F - an amulet of magic regeneration (around neck)
Wands
 a - a wand of clouds (5)
 k - a wand of acid (18)
 B - a wand of flame (66)
 D - a wand of polymorph (9)
 I - a wand of random effects (20)
 J - a wand of iceblast (6)
 O - a wand of paralysis (7)
Scrolls
 c - 5 scrolls of remove curse
 l - 5 scrolls of identify
 m - 4 scrolls of fog {unknown}
 o - 4 scrolls of blinking {unknown}
 q - 2 scrolls of enchant weapon {unknown}
 r - 3 scrolls of fear {unknown}
 t - 5 scrolls of teleportation
 v - 2 scrolls of amnesia {unknown}
 w - 2 scrolls of magic mapping {unknown}
 y - 2 scrolls of noise {unknown}
 E - a scroll of holy word {unknown}
 L - a scroll of immolation {unknown}
 M - a scroll of brand weapon {unknown}
 N - a scroll of vulnerability {unknown}
Potions
 d - 3 potions of berserk rage {unknown}
 e - 5 potions of flight {unknown}
 f - a potion of magic {unknown}
 g - 3 potions of mutation {unknown}
 h - 4 potions of degeneration {unknown}
 j - a potion of curing {unknown}
 s - 4 potions of lignification {unknown}
 u - 2 potions of resistance {unknown}
 x - 4 potions of ambrosia {unknown}
 z - 2 potions of haste {unknown}
 A - 3 potions of might {unknown}
 C - a potion of cancellation {unknown}
 H - 2 potions of invisibility {unknown}
 Q - a potion of heal wounds {unknown}
Comestibles
 b - 21 rations


   Skills:
 + Level 9.1 Fighting
 - Level 3.1 Dodging
 - Level 1.7 Stealth
 + Level 8.4 Spellcasting
 * Level 12.8 Conjurations
 + Level 9.1 Invocations


You had 12 spell levels left.
You knew the following spells:

 Your Spells              Type           Power        Failure   Level  Hunger
a - Magic Dart            Conj           ####         1%          1    None
b - Searing Ray           Conj           ######       1%          2    None
c - Dazzling Flash        Conj/Hex       ####..       1%          3    None
d - Fulminant Prism       Conj/Hex       ####......   6%          4    ###....
e - Iskenderun's Mystic   Conj/Tloc      ####....     6%          4    ###....

Your spell library contained the following spells:

 Spells                   Type           Power        Failure   Level  Hunger
 Beastly Appendage        Tmut           #.....       9%          1    None
 Sticks to Snakes         Tmut           #.......     13%         2    None
 Fireball                 Conj/Fire      ####......   17%         5    #####..
 Ignite Poison            Fire/Tmut/Pois #.......     26%         3    None
 Spider Form              Tmut/Pois      #.........   26%         3    None
 Ice Form                 Ice/Tmut       #.......     65%         4    ###....
 Starburst                Conj/Fire      ####......   67%         6    ######.
 Blade Hands              Tmut           #.........   94%         5    #####..
 Ring of Flames           Chrm/Fire      #.........   100%        7    #######
 Ignition                 Fire           #.........   100%        8    #######


Dungeon Overview and Level Annotations

Branches:
Dungeon (10/15)            Temple (1/1) D:4            Lair (3/6) D:10
    Orc (0/2) D:9
  Swamp: Lair:2-4    Shoals: Lair:2-4     Snake: Lair:2-4    Spider: Lair:2-4

Altars:
Cheibriados
Dithmenos
Elyvilon
Fedhas
Hepliaklqana
Kikubaaqudgha
Makhleb
Nemelex Xobeh
Okawaru
Qazlal
Ru
Sif Muna
Trog
Vehumet
Wu Jian
Xom
Yredelemnul
The Shining One
Beogh

Annotations:
D:7 DildoBatman's ghost, novice FoWz


Innate Abilities, Weirdness & Mutations

You can breathe wild blasts of lightning.
Your glossy black scales are hard. (AC +7)
You cannot fit into any form of body armour.
You are resistant to electric shocks. (rElec)
You are cold-blooded and may be slowed by cold attacks.


Message History

You have got your breath back.
You breathe a wild blast of lightning!
You hear a mighty clap of thunder!
The bolt of lightning misses you.
You hear a mighty clap of thunder!
The bolt of lightning hits the eight-headed hydra.
The eight-headed hydra is heavily wounded.
The bolt of lightning hits the plant!
The plant is lightly damaged.
The bolt of lightning hits the plant but does no damage.
The plant is lightly damaged.
You hear a mighty clap of thunder!
The bolt of lightning hits the eight-headed hydra.
The eight-headed hydra is heavily wounded.
The orb of electricity explodes!
You feel somewhat more hungry.
You hear a bellow! x3
The crocodile barely misses you. The eight-headed hydra bites you.
* * * LOW HITPOINT WARNING * * *
The eight-headed hydra bites you!
You die...

#............[...#
#..............##
##..####P##...#..# ##....#
########.## ##....## #P.P# ##
#####'.†..## ##.P#..###
#≈...#.....# ##### ##........
#≈...###..P###.#.###.........
#≈...##......D@..............
#≈...#.......(t..........P.##
#≈≈≈≈#...#P...#.........#..#
+#####...................###
#..##.##...#.P###...## ...P
## #...#.## ....# ....
#.....# ...# .# #...... ...#


You could see an eight-headed hydra and a crocodile.

Vanquished Creatures
  Gastronok (Lair:1)
  Snorg (D:10)
  Erica (D:10)
  An oklob plant (D:10)
  A cyclops (D:8)
  Joseph (D:8)
  Maurice (D:10)
  2 spiny frogs
  Psyche (D:8)
  A komodo dragon (Lair:2)
  4 blink frogs
  3 hippogriffs
  3 wyverns
  12 yaks
  Grum (D:8)
  9 water moccasins
  2 porcupines
  5 orc warriors
  3 sky beasts
  4 ogres
  2 ice beasts
  A phantom (D:8)
  4 wolves (D:7)
  2 centaurs
  2 crocodiles (Lair:2)
  A big kobold (D:7)
  6 bullfrogs
  A gnoll sergeant (D:9)
  11 killer bees
  2 scorpions
  5 wights (D:10)
  3 crimson imps
  4 jellies
  6 orc priests
  2 hounds
  A bullfrog skeleton (D:4)
  3 centaur skeletons
  5 iguanas
  6 orc wizards
  6 worker ants
  A killer bee zombie (D:6)
  A hound zombie (D:4)
  A hound skeleton (D:10)
  A worker ant zombie (D:8)
  5 gnolls (D:9)
  5 adders
  A howler monkey skeleton (D:7)
  A shadow imp (D:7)
  2 oozes
  2 worms
  3 dart slugs
  2 leopard geckos
  37 orcs
  5 giant cockroaches
  4 goblins
  5 hobgoblins
  14 jackals
  15 kobolds
  A quokka (D:2)
  A ball python (D:1)
  3 bats
  5 frilled lizards
  11 rats
  2 plants (D:10)
258 creatures vanquished.

Vanquished Creatures (others)
  5 fulminant prisms (D:9)
  4 fungi
9 creatures vanquished.

Grand Total: 267 creatures vanquished

Notes
Turn   | Place    | Note
-------+----------+-------------------------------------------
     0 | D:1      | Ivernyr the Draconian Conjurer began the quest for the Orb.
     0 | D:1      | Reached XP level 1. HP: 14/14 MP: 3/3
   678 | D:1      | Reached XP level 2. HP: 20/20 MP: 0/5
   682 | D:1      | Learned a level 2 spell: Searing Ray
  1205 | D:2      | Reached XP level 3. HP: 25/26 MP: 3/6
  2039 | D:2      | Found a bloodstained altar of Trog.
  2472 | D:3      | Found a faded altar of an unknown god.
  2582 | D:3      | Reached XP level 4. HP: 25/33 MP: 7/7
  3081 | D:3      | Found a glowing golden altar of the Shining One.
  3082 | D:3      | Found a burning altar of Makhleb.
  3083 | D:3      | Found a basalt altar of Yredelemnul.
  3083 | D:3      | Found a radiant altar of Vehumet.
  3087 | D:3      | Reached skill level 5 in Conjurations
  3147 | D:3      | Found a stormy altar of Qazlal.
  3836 | D:4      | Found a shadowy altar of Dithmenos.
  3906 | D:4      | Reached XP level 5. HP: 35/38 MP: 1/9
  4588 | D:4      | Found a staircase to the Ecumenical Temple.
  4594 | Temple   | Entered the Ecumenical Temple
  4707 | Temple   | Became a worshipper of Sif Muna the Loreminder
  4789 | D:5      | Entered Level 5 of the Dungeon
  4871 | D:5      | Reached XP level 6. HP: 45/45 MP: 9/11
  5103 | D:5      | Reached skill level 6 in Conjurations
  5146 | D:5      | Found a shimmering altar of Xom.
  5201 | D:5      | Reached skill level 1 in Fighting
  5201 | D:5      | Reached skill level 1 in Invocations
  6255 | D:6      | Your scales start taking on a glossy black colour.
  6255 | D:6      | Reached XP level 7. HP: 42/53 MP: 7/12
  6255 | D:6      | Gained mutation: You are resistant to electric shocks.
                  | (rElec) [Black Draconian growth]
  6448 | D:6      | Identified the +3 long sword "Vuynas" {vorpal, *Corrode
                  | +Inv rElec MR+} (You found it on level 6 of the Dungeon)
  6506 | D:6      | Reached * piety under Sif Muna
  7011 | D:6      | Found a hazy altar of Hepliaklqana.
  7048 | D:7      | Noticed a hippogriff
  7055 | D:6      | Learned a level 3 spell: Dazzling Flash
  7073 | D:6      | Reached skill level 7 in Conjurations
  7073 | D:6      | Killed a hippogriff
  7524 | D:7      | Reached XP level 8. HP: 62/63 MP: 14/14
  8263 | D:8      | Noticed Grum
  8281 | D:7      | Reached skill level 8 in Conjurations
  8541 | D:7      | Reached skill level 5 in Spellcasting
  9153 | D:8      | Noticed a cyclops
  9165 | D:8      | Reached XP level 9. HP: 30/72 MP: 8/16
  9661 | D:8      | Killed a cyclops
  9661 | D:8      | Reached skill level 5 in Fighting
  9661 | D:8      | Reached skill level 9 in Conjurations
  9661 | D:8      | Reached skill level 5 in Invocations
  9790 | D:8      | Killed Grum
  9967 | D:8      | Noticed Psyche
  9998 | D:8      | Killed Psyche
 10219 | D:8      | Noticed Joseph
 10239 | D:8      | Killed Joseph
 10239 | D:8      | Reached skill level 10 in Conjurations
 10351 | D:8      | Noticed DildoBatman's ghost (novice FoWz)
 10352 | D:8      | Found a runed translucent gate.
 10352 | D:8      | Found a runed translucent gate.
 10352 | D:8      | Found a runed translucent gate.
 10353 | D:8      | Identified the +10 quarterstaff of Righteous Fury {vorpal,
                  | +Rage +Fly rN+ MR-}
 10354 | D:8      | Found a roughly hewn altar of Beogh.
 10537 | D:8      | Reached ** piety under Sif Muna
 10855 | D:8      | Reached XP level 10. HP: 77/83 MP: 11/19
 10916 | D:8      | Found a sacrificial altar of Ru.
 12283 | D:9      | Learned a level 4 spell: Fulminant Prism
 12288 | D:9      | Learned a level 4 spell: Iskenderun's Mystic Blast
 12668 | D:9      | Found an ornate altar of the Wu Jian Council.
 13245 | D:9      | Found a staircase to the Orcish Mines.
 13323 | D:9      | Reached *** piety under Sif Muna
 13617 | D:9      | Reached skill level 11 in Conjurations
 13948 | D:10     | Entered Level 10 of the Dungeon
 14121 | D:10     | Found a staircase to the Lair.
 14121 | D:10     | Noticed an oklob plant
 14126 | D:10     | Noticed Erica
 14184 | D:10     | Killed Erica
 15004 | D:10     | Identified the +5 whip "Seudad" {vorpal, Dex+3} (You found
                  | it on level 10 of the Dungeon)
 15047 | D:10     | Noticed Maurice
 15057 | D:10     | Killed Maurice
 15057 | D:10     | Reached XP level 11. HP: 88/93 MP: 16/22
 15251 | D:10     | Noticed Snorg
 15262 | D:10     | Killed Snorg
 15865 | D:10     | Killed an oklob plant
 16003 | Lair:1   | Entered Level 1 of the Lair of Beasts
 16003 | Lair:1   | Noticed Gastronok
 16025 | Lair:1   | Killed Gastronok
 16025 | Lair:1   | Reached skill level 12 in Conjurations
 17664 | Lair:2   | Reached **** piety under Sif Muna
 18783 | Lair:3   | Noticed an eight-headed hydra
 18797 | Lair:3   | HP: 2/97 [eight-headed hydra (13)]
 18824 | Lair:3   | Mangled by an eight-headed hydra

Illustrated notes

Levels and vault maps discovered:
D:1:      heliophobic_arrival_ceremonial_halls, layout_basic, minmay_cut_off
D:2:      layout_loops_ring, bloody_trog
D:3:      layout_rooms, chequers_temple_overflow_statue_of_worship,
          serial_bayou, serial_bayou_ford_a, serial_bayou_shore_a,
          serial_bayou_pond_d, serial_bayou_lake_a,
          chequers_ecumenical_altar_lobes, nicolae_qazlal_eye_of_the_storm
D:4:      layout_basic, overflow_temple_1_default,
          minmay_temple_entry_gardened_gates, kennysheep_generic_room_15
D:5:      layout_layer_cave, first_ration, tgw_xom
D:6:      layout_cave_pools, kennysheep_mini_moat
D:7:      layout_basic, st_stairs_1
D:8:      layout_rooms, biasface_ghost_orc_armoury, grunt_pizzeria,
          nicolae_ru_awakened_eye, uniq_psyche, uniq_joseph, uniq_grum
D:9:      layout_stronghold, overflow_temple_1_default, david_orc_2
D:10:     layout_loops_ring, dpeg_oklobed_lair, uniq_maurice, uniq_snorg,
          uniq_erica
Temple:   regret_index_temple_generic_petals
Lair:1:   layout_gridlike, lemuel_fruit_tree, lemuel_fruit_fields,
          infiniplex_staircase_pool, uniq_gastronok
Lair:2:   layout_concentric_octagons
Lair:3:   layout_chaotic_city, st_stairs_12, serial_bayou_pond_e,
          chequers_serial_rivers_room_a, bobbens_dragon_lair_wall, uniq_nergalle

Skill      XL: |  1  2  3  4  5  6  7  8  9 10 11 |
---------------+----------------------------------+-----
Dodging        | 2 3 |  3.1
Conjurations   | 5 6 7 8 10 11 12 | 12.8
Spellcasting   | 3 4 5 6 7 8 |  8.4
Fighting       | 1 3 4 6 7 9 |  9.1
Invocations    | 1 3 4 6 7 9 |  9.1
Stealth        | |  1.7

Action                   |  1- 3 |  4- 6 |  7- 9 | 10-12 || total
-------------------------+-------+-------+-------+-------++-------
Melee: Unarmed           |    61 |       |       |       ||    61
       Tailslap          |    10 |     7 |    11 |    15 ||    43
       Whip              |    58 |     2 |       |    87 ||   147
       Trident           |       |    80 |     7 |       ||    87
       Mace              |       |       |   117 |    58 ||   175
Throw: Dart              |       |    10 |    18 |       ||    28
 Cast: Magic Dart        |    26 |    49 |    49 |    81 ||   205
       Searing Ray       |     5 |     8 |    30 |    74 ||   117
       Fulminant Prism   |       |       |       |     5 ||     5
       Dazzling Flash    |       |       |       |     1 ||     1
 Abil: Breathe Lightning |       |       |     2 |     8 ||    10
  Use: Scroll            |       |       |     1 |     5 ||     6
 Stab: Sleeping          |     2 |       |       |       ||     2
       Invisible         |       |       |       |     1 ||     1
  Eat: Chunk             |     6 |     8 |     4 |    17 ||    35
       Ration            |       |     1 |     3 |     3 ||     7
Armor: Skin              |    36 |    31 |    77 |    98 ||   242
Dodge: Dodged            |    92 |    55 |   202 |   195 ||   544
